 Seeded DCSS version 0.30-a0-373-gd37427bb62 (console) character file.

Game seed: 14118730869767860979 (custom seed)

135 mmoncure the Ruffian (level 4, -1/41 HPs)
             Began as a Troll Transmuter on Nov 23, 2022.
             Slain by a gnoll
             ... wielding a +0 halberd
              (7 damage)
             ... on level 3 of the Dungeon.
             The game lasted 00:02:29 (1634 turns).

mmoncure the Ruffian (Troll Transmuter)             Turns: 1634, Time: 00:02:30

Health: -1/41      AC:  4    Str: 18    XL:     4   Next: 97%
Magic:  3/5        EV: 10    Int: 11    God:
Gold:   149        SH:  0    Dex: 10    Spells: 3/6 levels left

rFire   . . .      SeeInvis .      - Unarmed
rCold   . . .      Faith    .    (no shield)
rNeg    . . .      Spirit   .    a - +0 robe
rPois   .          Reflect  .    (helmet currently unavailable)
rElec   .          Harm     .    (no cloak)
rCorr   .          Rampage  .    (gloves unavailable)
Will    .....                    (boots unavailable)
Stlth   +.........               (no amulet)
HPRegen 1.06/turn                m - ring of flight
MPRegen 0.09/turn                (no ring)

@: appendages (expiring), wereblooded, flying
A: horns 2, talons 2, large, unfitting armour, claws 3, regeneration 1, shaggy
fur 1, tough skin 1
a: End Transformation


You were on level 3 of the Dungeon.
You had temporarily grown beastly horns and talons.
You visited 1 branch of the dungeon, and saw 3 of its levels.

You collected 149 gold pieces.

Inventory:

Armour
 a - a +0 robe (worn)
Jewellery
 m - a ring of flight (left claw)
Scrolls
 c - 3 scrolls of enchant weapon {unknown}
 d - 8 scrolls of identify {unknown}
 e - 2 scrolls of enchant armour {unknown}
 f - 3 scrolls of vulnerability {unknown}
 g - 2 scrolls of teleportation {unknown}
 h - 3 scrolls of blinking {unknown}
 j - a scroll of amnesia {unknown}
 k - a scroll of torment {unknown}
 n - a scroll of fog {unknown}
Potions
 b - a potion of lignification
 i - a potion of degeneration {unknown}
 l - a potion of invisibility {unknown}
 o - a potion of attraction {unknown}


   Skills:
 + Level 1.4 Fighting
 + Level 2.1 Dodging
 * Level 4.0 Unarmed Combat
 + Level 1.6 Spellcasting
 * Level 2.3 Transmutations


You had 3 spell levels left.
You knew the following spells:

 Your Spells              Type           Power      Damage    Failure   Level
a - Beastly Appendage     Tmut           12%        N/A       12%         1
b - Wereblood             Tmut           6%         N/A       17%         2

Your spell library contained the following spells:

 Spells                   Type           Power      Damage    Failure   Level
 Spider Form              Tmut/Pois      3%         N/A       50%         3
 Dazzling Flash           Conj/Hex       0%         N/A       67%         3
 Ice Form                 Ice/Tmut       3%         N/A       88%         4
 Iskenderun's Mystic Bla  Conj/Tloc      0%         2d3       97%         4
 Starburst                Conj/Fire      0%         6d3       100%        6


Dungeon Overview and Level Annotations

Branches:
Dungeon (3/15)

Altars:


Innate Abilities, Weirdness & Mutations

You have temporarily grown beastly horns and talons.
You are too large for most types of armour.
You have claws for hands.
Your natural rate of healing is unusually fast.
You are covered in fur. (AC +1)
You have tough skin. (AC +1)


Message History

Your Unarmed Combat skill increases to level 4!
A ball python comes into view.
A goblin comes into view. It is wielding a +0 club.
Your transformation is almost over.
The goblin shouts!
You claw the worm! You claw the worm.
You headbutt the worm, but do no damage.
The worm is almost dead.
The gnoll hits you from afar with a +0 spear!
The worm bites you.
You claw the worm!
You feel a bit better.
You kill the worm!
You howl as the wereblood boils in your veins!
The gnoll hits you from afar with a +0 spear.
You scratch the giant cockroach.
You feel a bit better.
You kill the giant cockroach!
A bat comes into view.
The gnoll hits you from afar with a +0 spear.
The gnoll closely misses you.
The bat moves out of view.
You claw the kobold!
You feel a bit better.
You kill the kobold!
The gnoll hits you from afar with a +0 spear.
The gnoll barely misses you. The gnoll hits you with a +0 spear.
The gnoll hits you from afar with a +0 halberd!
You are too injured to fight recklessly!
You are too injured to fight recklessly!
You are too injured to fight recklessly!
You are too injured to fight recklessly!
You are too injured to fight recklessly!
You scratch the gnoll. Your kick misses the gnoll.
The gnoll is moderately wounded.
The gnoll hits you from afar with a +0 halberd!
* * * LOW HITPOINT WARNING * * *
The gnoll closely misses you.
You claw the gnoll!
You feel a bit better.
You kill the gnoll!
The gnoll barely misses you.
The gnoll hits you from afar with a +0 halberd!
You die...

# #.# . .# #.# . .###.#
#.# #. ..... #.# ...
#...# #.# .? #.#.# #.#
#.###)g.# #.# ##..)....#
####.## ......#S@.##
##.##..#
#.#.....).####...##.#####
#.#.....'..........[...
#.......####...#..#####
........## ##.##.##
#......## ####.#
...#...## #.# #####+# #.#
#.# #.#


You could see a gnoll and a ball python.

Vanquished Creatures
  Jessica (D:2)
  6 gnolls
  An adder (D:2)
  A worm (D:3)
  A dart slug (D:1)
  An orc (D:3)
  A ball python (D:2)
  2 bats (D:1)
  An endoplasm (D:2)
  4 giant cockroaches
  5 goblins
  4 hobgoblins
  2 quokkas (D:2)
  2 frilled lizards
  3 kobolds
  3 rats
38 creatures vanquished.

Notes
Turn   | Place    | Note
-------+----------+-------------------------------------------
     0 | D:1      | mmoncure the Troll Transmuter began the quest for the Orb.
     0 | D:1      | Reached XP level 1. HP: 18/18 MP: 1/1
   112 | D:1      | Reached XP level 2. HP: 26/26 MP: 3/3
   862 | D:2      | Reached skill level 1 in Fighting
   939 | D:2      | Noticed Jessica
   943 | D:2      | Killed Jessica
   944 | D:2      | Reached XP level 3. HP: 33/33 MP: 2/4
  1122 | D:2      | Reached XP level 4. HP: 34/41 MP: 5/5
  1140 | D:2      | Learned a level 2 spell: Wereblood
  1625 | D:3      | Reached skill level 4 in Unarmed Combat
  1634 | D:3      | Slain by a gnoll

Illustrated notes

Levels and vault maps discovered:
D:1:      elethiomel_arrival_infinity_welcomes_careful_drivers, layout_basic,
          nicolae_kite_square_tiling_tiny, minmay_misc_feat_more_columns,
          kennysheep_decorative_pillar
D:2:      layout_loops_cross, uniq_jessica
D:3:      layout_loops_corners, st_stairs_7, minmay_fractal_squares_5

Skill      XL: |  1  2  3  4 |
---------------+-------------+-----
Fighting       | 1 |  1.4
Transmutations | 2 |  2.3
Dodging        | 2 |  2.1
Unarmed Combat | 4 |  4.0
Spellcasting   | |  1.6

Action                   |  1- 3 |  4- 6 || total
-------------------------+-------+-------++-------
Melee: Unarmed           |    48 |    44 ||    92
       Kick              |     1 |     4 ||     5
       Headbutt          |       |     2 ||     2
 Cast: Beastly Appendage |     1 |     3 ||     4
       Wereblood         |       |     2 ||     2
 Stab: Sleeping          |     1 |       ||     1
Armor: Robe              |    16 |     9 ||    25
Dodge: Dodged            |    29 |    17 ||    46

Table legend: (Time is in decaauts)
 A = Elapsed time spent in this place.
 B = Non-inter-level travel time spent in this place.
 C = Inter-level travel time spent in this place.
 D = Time resting spent in this place.
 E = Time spent auto-exploring this place.
 F = Levels seen in this place.
 G = Mean time per level.
                   A        B        C        D        E       F      G
               +--------+--------+--------+--------+--------+-----+--------+
         Total |   1627 |   1598 |     29 |      0 |   1366 |   3 |  542.3 |
       Dungeon |   1627 |   1598 |     29 |      0 |   1366 |   3 |  542.3 |
               +--------+--------+--------+--------+--------+-----+--------+

Top non-repeatable levels by time:
     D:1: 831 daAuts
     D:2: 653 daAuts
     D:3: 142 daAuts
